 Dungeon Crawl Stone Soup version 0.30.0-29-ga12c61a403 (webtiles) character file.

Game seed: 1621891639136001735

2758 lawnmower the Cleaver (level 9, 0/69 HPs)
             Began as a Demonspawn Gladiator on June 17, 2023.
             Was a Follower of Qazlal.
             Slain by a yak (9 damage)
             ... on level 8 of the Dungeon.
             The game lasted 00:11:37 (6518 turns).

lawnmower the Cleaver (Demonspawn Gladiator)        Turns: 6518, Time: 00:11:37

Health: 0/69       AC: 17    Str: 20    XL:     9   Next: 41%
Magic:  12/12      EV: 11    Int:  9    God:    Qazlal [*.....]
Gold:   272        SH:  6    Dex: 14    Spells: 6/8 levels left

rFire   . . .        P - +0 broad axe (protect)
rCold   + . .        M - +0 buckler
rNeg    . . .        F - +1 ring mail {Will+}
rPois   +            n - +2 helmet
rElec   .            (no cloak)
rCorr   .            (no gloves)
SInv    .            (boots unavailable)
Will    +....        f - amulet of magic regeneration
Stlth   +            p - ring of poison resistance
HPRegen 0.31/turn    w - ring of protection from cold
MPRegen 0.53/turn

%: no passive effects
@: under a protective aura
A: hooves 3
a: Renounce Religion


You were on level 8 of the Dungeon.
You worshipped Qazlal.
Qazlal was aware of your devotion.
You visited 2 branches of the dungeon, and saw 9 of its levels.

You collected 384 gold pieces.
You spent 112 gold pieces at shops.

Inventory:

Hand Weapons
 a - a +0 war axe of electrocution
 P - a +0 broad axe of protection (weapon)
Missiles
 d - 4 throwing nets
 e - a javelin
 l - 5 curare-tipped darts
 u - 35 poisoned darts (quivered)
 C - 4 silver javelins
Armour
 n - a +2 helmet (worn)
 F - a +1 ring mail of willpower (worn)
 M - a +0 buckler (worn)
Jewellery
 f - an amulet of magic regeneration (around neck)
 p - a ring of poison resistance (left hand)
 w - a ring of protection from cold (right hand)
 D - a ring of positive energy
Wands
 o - a wand of mindburst (17)
 A - a wand of polymorph (12)
 G - a wand of roots (5)
 H - a wand of paralysis (19)
 I - a wand of digging (4)
 J - a wand of light (14)
Scrolls
 c - 3 scrolls of teleportation {unknown}
 h - 4 scrolls of identify
 k - 2 scrolls of magic mapping
 t - 4 scrolls of silence {unknown}
 v - a scroll of blinking {unknown}
 x - 3 scrolls of vulnerability {unknown}
 y - 2 scrolls of enchant weapon {unknown}
 B - a scroll of poison {unknown}
 E - a scroll of fog {unknown}
 K - 2 scrolls of fear {unknown}
 L - a scroll of torment {unknown}
Potions
 b - a potion of resistance
 g - a potion of cancellation
 i - a potion of attraction {unknown}
 m - a potion of berserk rage
 q - 6 potions of haste
 r - a potion of ambrosia
 s - 2 potions of curing
 z - 2 potions of heal wounds {unknown}
 N - a potion of brilliance {unknown}
 O - a potion of lignification {unknown}


   Skills:
 + Level 6.2 Fighting
 * Level 8.3 Axes
 - Level 3.0 Throwing
 + Level 5.0 Armour
 - Level 2.6 Dodging
 + Level 1.8 Shields
 + Level 4.6 Invocations


You had 6 spell levels left.
You knew the following spells:

 Your Spells              Type           Power      Damage    Failure   Level
a - Blink                 Tloc           0%         N/A       77%         2

Your spell library contained the following spells:

 Spells                   Type           Power      Damage    Failure   Level
 Call Canine Familiar     Summ           0%         N/A       94%         3
 Portal Projectile        Hex/Tloc       0%         N/A       94%         3
 Stone Arrow              Conj/Erth      0%         3d7       94%         3
 Animate Armour           Summ/Erth      0%         N/A       100%        4
 Leda's Liquefaction      Hex/Erth       0%         N/A       100%        4
 Manifold Assault         Tloc           0%         N/A       100%        4
 Storm Form               Tmut/Air       0%         N/A       100%        7
 Lehudib's Crystal Spear  Conj/Erth      0%         10d2      100%        8


Dungeon Overview and Level Annotations

Branches:
Dungeon (8/15)             Temple (1/1) D:6
   Lair: D:8-11

Altars:
Cheibriados
Dithmenos
Fedhas
Gozag
Hepliaklqana
Kikubaaqudgha
Makhleb
Nemelex Xobeh
Okawaru
Qazlal
Ru
Sif Muna
Trog
Uskayaw
Vehumet
Wu Jian
Xom
Yredelemnul

Shops:
D:5 *   D:7 *


Innate Abilities, Weirdness & Mutations

You have hooves in place of feet.


Message History

The yak is almost dead.
You barely miss the yak. The yak barely misses you. You block the yak's attack.
The yak gores you but does no damage. x2
You slash the yak!
You kill the yak!
Qazlal accepts your kill.
You hit the yak but do no damage. You block the yak's attack.
Your Armour skill increases to level 5!
You closely miss the yak. You barely miss the yak. You block the yak's attack.
The yak gores you. The yak attacks as you move away!
The yak gores you but does no damage. The yak attacks as you move away!
The yak gores you but does no damage.
Items here: ( ))) [[ †.
You hit the yak but do no damage. You kick the yak!
The yak is moderately wounded.
The yak gores you!
* * * LOW HITPOINT WARNING * * *
The yak gores you.
* * * LOW HITPOINT WARNING * * *
You hit the yak. You kick the yak.
The yak is heavily wounded.
You block the yak's attack.
You barely miss the yak. Your kick misses the yak.
The yak is moderately wounded.
The yak barely misses you.
You slash the yak! You kick the yak, but do no damage.
The yak is severely wounded.
The yak closely misses you.
You slash the yak!
The yak is almost dead.
The yak gores you!
* * * LOW HITPOINT WARNING * * *
You slash the yak!
You kill the yak!
Qazlal accepts your kill. You block the yak's attack.
You slash the yak! You kick the yak, but do no damage.
The yak is heavily wounded.
The yak gores you!
You die...

#........##.. #.............
#........####.##### #........#
#<#.. #........# #.#.###
##########...Y....# #.#.#.#.#
#.................# #.#...#.#
#.............########.#.....#.#
#.............†Y@......###...#.#
#.............†###########.#.#.#
#..............# ........#.#.#
#..............## #########.#.##
#................ #.....
#.............###### ###.#.
#.............+ ..# #...#.
#.............# #.# #.###[
#.............# ##.#######
#.###.


You could see a yak.

Vanquished Creatures
  3 yaks (D:8)
  Edmund (D:6)
  An ice beast (D:5)
  3 black bears
  A centaur (D:7)
  5 ogres
  A kobold brigand (D:6)
  Blork the orc (D:5)
  2 bullfrogs
  4 scorpions
  5 wights
  A hound (D:6)
  A gnoll bouda (D:6)
  3 orc priests
  A sleepcap (D:4)
  3 iguanas (D:5)
  2 orc wizards
  10 gnolls
  8 adders
  2 white imps
  3 worms (D:3)
  3 dart slugs
  12 orcs
  9 ball pythons
  10 bats
  5 endoplasms
  4 giant cockroaches
  2 goblins
  3 hobgoblins
  4 jackals (D:1)
  7 kobolds
  2 quokkas
  2 rats (D:3)
124 creatures vanquished.

Notes
Turn   | Place    | Note
-------+----------+-------------------------------------------
     0 | D:1      | lawnmower the Demonspawn Gladiator began the quest for the
                  | Orb.
     0 | D:1      | Reached XP level 1. HP: 16/16 MP: 1/1
   135 | D:1      | Reached skill level 3 in Axes
   139 | D:1      | Gained mutation: You have large cloven feet. [demonic
                  | ancestry]
   139 | D:1      | Reached XP level 2. HP: 19/22 MP: 2/2
   687 | D:2      | Reached XP level 3. HP: 27/28 MP: 3/3
  1096 | D:2      | Found a faded altar of an unknown god.
  1349 | D:3      | Noticed an ogre
  1354 | D:3      | Killed an ogre
  1355 | D:3      | Reached skill level 1 in Armour
  1355 | D:3      | Reached XP level 4. HP: 34/34 MP: 4/4
  1370 | D:3      | Reached skill level 4 in Axes
  1375 | D:3      | Reached XP level 5. HP: 36/40 MP: 5/5
  1401 | D:3      | Found a hide-covered altar of Uskayaw.
  2208 | D:4      | Found a sacrificial altar of Ru.
  2210 | D:4      | Found a blossoming altar of Fedhas.
  2385 | D:4      | Gained mutation: You have hoof-like feet. [demonic
                  | ancestry]
  2385 | D:4      | Reached XP level 6. HP: 47/47 MP: 6/6
  2503 | D:4      | Found a shimmering altar of Xom.
  2651 | D:4      | Reached skill level 5 in Axes
  3076 | D:5      | Entered Level 5 of the Dungeon
  3174 | D:5      | Reached XP level 7. HP: 53/53 MP: 7/7
  3175 | D:5      | Noticed Blork the orc
  3183 | D:5      | Killed Blork the orc
  3463 | D:5      | Learned a level 2 spell: Blink
  3605 | D:5      | Reached skill level 6 in Axes
  3810 | D:5      | Found Xumarae's Assorted Antiques.
  4090 | D:6      | Gained mutation: You have hooves in place of feet. [demonic
                  | ancestry]
  4090 | D:6      | Reached XP level 8. HP: 58/61 MP: 8/8
  4108 | D:6      | Found a staircase to the Ecumenical Temple.
  4114 | Temple   | Entered the Ecumenical Temple
  4238 | Temple   | Became a worshipper of Qazlal Stormbringer
  4260 | D:6      | Reached skill level 5 in Fighting
  4369 | D:6      | Noticed Edmund
  4377 | D:6      | Killed Edmund
  4378 | D:6      | Reached skill level 1 in Invocations
  4411 | D:6      | Reached skill level 7 in Axes
  5330 | D:6      | Reached XP level 9. HP: 43/68 MP: 11/11
  5414 | D:7      | Reached * piety under Qazlal
  5764 | D:7      | Found Nifasch's Assorted Antiques.
  5849 | D:7      | Reached skill level 1 in Shields
  5936 | D:7      | Reached skill level 8 in Axes
  6155 | D:7      | Found an opulent altar of Gozag.
  6354 | D:7      | Bought a broad axe for 112 gold pieces
  6510 | D:8      | Reached skill level 5 in Armour
  6518 | D:8      | Slain by a yak

Illustrated notes

Levels and vault maps discovered:
D:1:      roderic_crop_circles_arrival_small, layout_rooms,
          chequers_decorated_corner, minmay_hedge_maze
D:2:      layout_loops_ring, dilly_ecumenical_altar_fadedgnrine,
          nicolae_half_adder
D:3:      layout_rooms, nicolae_uskayaw_suspiria, minmay_parallelograms
D:4:      wad_lake_hut, layout_rooms, tgw_xom, minitemple
D:5:      layout_basic, serial_shops, nicolae_shop_trees, uniq_blork_the_orc
D:6:      layout_cave_pools, minmay_temple_entry_wispy, minmay_misc_feat_room,
          uniq_edmund
D:7:      layout_basic, grunt_temple_overflow_gold_and_silver, serial_shops,
          shop
D:8:      layout_basic
Temple:   nicolae_temple_superstar

Skill      XL: |  1  2  3  4  5  6  7  8  9 |
---------------+----------------------------+-----
Axes           | 3 4 5 6 7 8 |  8.3
Throwing       | 2 3 |  3.0
Armour         | 1 2 3 4 5 |  5.0
Fighting       | 3 4 5 6 |  6.2
Invocations    | 3 4 |  4.6
Shields        | 1 |  1.8
Dodging        | |  2.6

Action                     |  1- 3 |  4- 6 |  7- 9 || total
---------------------------+-------+-------+-------++-------
  Melee: War axe           |    66 |   121 |   143 ||   330
         Punch             |     1 |     2 |     2 ||     5
         Kick              |     9 |    29 |    51 ||    89
         Broad axe         |       |       |    22 ||    22
  Evoke: Wand              |     5 |       |       ||     5
    Use: Scroll            |       |     8 |     2 ||    10
 Armour: Leather armour    |     9 |       |       ||     9
         Chain mail        |    15 |    90 |    45 ||   150
         Ring mail         |       |       |    46 ||    46
  Dodge: Dodged            |    49 |    50 |    93 ||   192
  Block: Buckler           |       |       |    12 ||    12
